 Dungeon Crawl Stone Soup version 0.26-a0-651-gb41185065b (webtiles) character file.

Game seed: 6525962370123079406

452 Lanoc the Skirmisher (level 6, -3/49 HPs)
             Began as a Mummy Chaos Knight on Oct 11, 2020.
             Was a Plaything of Xom.
             Slain by a gnoll
             ... wielding a +0 spear
              (10 damage)
             ... on level 5 of the Dungeon.
             The game lasted 00:03:52 (3483 turns).

Lanoc the Skirmisher (Mummy Chaos Knight)           Turns: 3483, Time: 00:03:53

Health: -3/49      AC:  1    Str: 15    XL:     6   Next: 75%
Magic:  6/6        EV: 12    Int: 12    God:    Xom [*.....]
Gold:   36         SH:  0    Dex: 13    Spells: 5/5 levels left

rFire    x . .     SeeInvis .   o - +7 lajatang of Order {silver, rMut}
rCold    + . .     Faith    .   (shield currently unavailable)
rNeg     + + +     Spirit   .   b - +2 leather armour
rPois    ∞         Reflect  .   (no helmet)
rElec    .         Harm     .   (no cloak)
rCorr    +         Rampage  .   (no gloves)
rMut     +                      (no boots)
MR       .....                  (no amulet)
Stlth    +.........             m - ring of resist corrosion
HPRegen  0.16/turn              (no ring)
MPRegen  0.10/turn

@: corroded, cleaving
A: no potions, fire vulnerability, cold resistance 1, negative energy resistance
3, torment resistance, unbreathing
a: Renounce Religion


You were on level 5 of the Dungeon.
You worshipped Xom.
You were a special plaything of Xom.
You visited 2 branches of the dungeon, and saw 6 of its levels.

You collected 36 gold pieces.

Inventory:

Hand Weapons
 a - a +0 mace of chaos
 o - the +7 lajatang of Order (weapon) {silver, rMut}
   (You found it on level 4 of the Dungeon)

   It protects you from mutation.
Armour
 b - a +2 leather armour (worn)
Jewellery
 m - a ring of resist corrosion (left hand)
Wands
 f - a wand of acid (7)
 g - a wand of random effects (39)
 l - a wand of paralysis (14)
Scrolls
 c - 3 scrolls of remove curse {unknown}
 d - a scroll of holy word {unknown}
 e - 2 scrolls of teleportation {unknown}
 h - 2 scrolls of identify {unknown}
 i - 2 scrolls of fear {unknown}
 j - a scroll of noise {unknown}
 k - 3 scrolls of enchant weapon {unknown}
 n - a scroll of magic mapping {unknown}


   Skills:
 + Level 4.3 Fighting
 - Level 4.2(4.3) Maces & Flails
 * Level 1.0(2.8) Staves
 + Level 3.0 Armour
 + Level 2.5 Dodging


You had 5 spell levels left.
You didn't know any spells.
Your spell library was empty.

Dungeon Overview and Level Annotations

Branches:
Dungeon (5/15)             Temple (1/1) D:4

Altars:
Cheibriados
Uskayaw
Wu Jian
Yredelemnul

Shops:
D:4 (


Innate Abilities, Weirdness & Mutations

You do not drink.
Your flesh is vulnerable to fire.
You are immune to poison.
Your flesh is cold resistant. (rC+)
You are immune to negative energy. (rN+++)
You are immune to unholy pain and torment.
You can survive without breathing.


Message History

The ogre hits you with a +0 giant club!!
* * * LOW HITPOINT WARNING * * *
The gnoll barely misses you.
The gnoll closely misses your shadow imp.
Your shadow imp gestures at the gnoll.
The gnoll barely resists.
You see here a scale mail.
The gnoll hits you from afar with a +0 spear!
* * * LOW HITPOINT WARNING * * *
The gnoll closely misses your shadow imp.
Your shadow imp barely misses the gnoll.
The ogre closely misses you. The gnoll closely misses you.
The gnoll hits your shadow imp but does no damage.
Your shadow imp hits the gnoll but does no damage.
The orc closely misses your shadow imp.
There is a stone staircase leading up here.
The ogre barely misses you.
The gnoll hits you from afar with a +0 spear!
You die...
Xom howls with laughter!

.........##....
.....#.......#
.....#......#
............##
.............# #
......g).....#..
......o5[.......
......gO........
.##.####@.......
# #.###.... ###
(.. ##


You could see an ogre, 2 gnolls, an orc and a friendly shadow imp (summoned).

Vanquished Creatures
  A scorpion (D:4)
  A hound (D:4)
  An orc priest (D:4)
  A gnoll shaman (D:5)
  4 worker ants
  A gnoll (D:5)
  6 adders
  A white imp (D:3)
  A worm (D:3)
  A leopard gecko (D:3)
  10 orcs
  2 giant cockroaches
  4 goblins
  4 hobgoblins (D:3)
  A quokka (D:4)
  A ball python (D:2)
  3 bats (D:3)
  2 frilled lizards (D:3)
  2 gnoll zombies (D:3)
  A jackal skeleton (D:4)
  A kobold (D:3)
  2 rats
51 creatures vanquished.

Vanquished Creatures (collateral kills)
  A scorpion (D:4)
  A jelly (D:5)
  A hound (D:4)
  2 adders
  A leopard gecko (D:4)
6 creatures vanquished.

Grand Total: 57 creatures vanquished

Notes
Turn   | Place    | Note
-------+----------+-------------------------------------------
     0 | D:1      | Lanoc the Mummy Chaos Knight began the quest for the Orb.
     0 | D:1      | Reached XP level 1. HP: 18/18 MP: 1/1
   103 | D:2      | Reached skill level 1 in Dodging
   103 | D:2      | Reached XP level 2. HP: 24/24 MP: 2/2
   196 | D:3      | Found a snail-covered altar of Cheibriados.
   216 | D:3      | Reached XP level 3. HP: 16/29 MP: 3/3
   793 | D:3      | Found a hide-covered altar of Uskayaw.
   896 | D:3      | XOM: god gift: scroll labeled VUUXZE RIFISME {god gift}
  1071 | D:3      | XOM: cast spell 'Summon Ice Beast'
  1078 | D:3      | Reached XP level 4. HP: 16/35 MP: 4/4
  1375 | D:3      | Found a basalt altar of Yredelemnul.
  1521 | D:3      | XOM: silly message
  2070 | D:4      | XOM: potion effect (brilliance)
  2079 | D:4      | Reached XP level 5. HP: 10/42 MP: 5/5
  2353 | D:4      | Found Jato's Antique Weapon Shoppe.
  2353 | D:4      | Found a staircase to the Ecumenical Temple.
  2353 | D:4      | XOM: 1-stop teleportation journey
  2354 | D:4      | XOM: divination: magic mapping
  2358 | D:4      | XOM: cast spell 'Shadow Creatures'
  2626 | Temple   | Entered the Ecumenical Temple
  2695 | D:4      | Reached XP level 6. HP: 31/48 MP: 6/6
  2822 | D:4      | XOM: cast spell 'Shadow Creatures'
  3112 | D:4      | Found the +7 lajatang of Order {silver, rMut}
  3428 | D:4      | Found an ornate altar of the Wu Jian Council.
  3470 | D:5      | Entered Level 5 of the Dungeon
  3470 | D:5      | XOM: summons friendly shadow imp
  3475 | D:5      | XOM: cleaving
  3477 | D:5      | XOM: noise
  3478 | D:5      | Reached skill level 1 in Staves
  3483 | D:5      | Slain by a gnoll

Illustrated notes

Levels and vault maps discovered:
D:1:      ncdulo_halloftheorcs, layout_loops_ring, hangedman_decor_riveting,
          minmay_lizard_king
D:2:      layout_rooms, old_standard_altar
D:3:      layout_basic, lemuel_zombie_altar_yredelemnul,
          eat_drink_and_be_merry_uskayaw, old_standard_altar
D:4:      layout_basic, kennysheep_mini, minmay_temple_entry_drinking_statues,
          serial_shops, nicolae_shop_statue_plus
D:5:      layout_cave_pools, hellmonk_ghost_happy_afterlife, nrook_mini_vaults
Temple:   nicolae_temple_figure_eight

Skill      XL: |  1  2  3  4  5  6 |
---------------+-------------------+-----
Dodging        | 1 2 |  2.5
Armour         | 2 3 |  3.0
Maces & Flails | 3 4 |  4.2
Fighting       | 4 |  4.3
Staves         | 1 |  1.0

Action                   |  1- 3 |  4- 6 || total
-------------------------+-------+-------++-------
Melee: Mace              |    88 |   103 ||   191
       Lajatang          |       |    17 ||    17
 Stab: Petrifying        |       |     1 ||     1
       Petrified         |       |     1 ||     1
       Sleeping          |       |     1 ||     1
Armor: Leather armour    |    41 |    37 ||    78
Dodge: Dodged            |    79 |    88 ||   167

Table legend: (Time is in decaauts)
 A = Elapsed time spent in this place.
 B = Non-inter-level travel time spent in this place.
 C = Inter-level travel time spent in this place.
 D = Time resting spent in this place.
 E = Time spent auto-exploring this place.
 F = Levels seen in this place.
 G = Mean time per level.
                   A        B        C        D        E       F      G
               +--------+--------+--------+--------+--------+-----+--------+
         Total |   3531 |   3426 |    105 |    146 |   2812 |   6 |  588.5 |
       Dungeon |   3529 |   3424 |    105 |    146 |   2812 |   5 |  705.8 |
        Temple |      1 |      1 |      0 |      0 |      0 |   1 |    1.0 |
               +--------+--------+--------+--------+--------+-----+--------+

Top non-repeatable levels by time:
     D:3: 1864 daAuts
     D:4: 1455 daAuts
     D:1: 100 daAuts
     D:2: 94 daAuts
     D:5: 14 daAuts
  Temple: 1 daAuts
